 Dungeon Sprint DCSS version 0.26-a0-712-ga5a9c9c9d0 (webtiles) character file.

Game seed: 2934186835050241289

32582 tsouns the Carver (level 13, -7/171 HPs)
             Began as a Gnoll Berserker on Nov 10, 2020.
             Was the Champion of Trog.
             Killed by the air
             ... invoked by a spriggan air mage
              (22 damage)
             ... in the Dungeon (Sprint IX: "|||||||||||||||||||||||||||||") on Nov 13, 2020.
             The game lasted 00:26:40 (4840 turns).

tsouns the Carver (Gnoll Berserker)                 Turns: 4840, Time: 00:26:40

Health: -7/171     AC: 27    Str: 27    XL:     13   Next: 65%
Magic:  30/30      EV: 16    Int: 10    God:    Trog [******]
Gold:   1328       SH:  0    Dex: 15    Spells: 38/38 levels left

rFire    . . .     SeeInvis .   h - +7 triple sword
rCold    . . .     Faith    .   (shield currently unavailable)
rNeg     . . .     Spirit   .   z - +3 plate armour
rPois    .         Reflect  .   n - +0 helmet
rElec    .         Harm     .   p - +1 cloak
rCorr    .         Rampage  .   t - +1 pair of gloves {archery}
MR       +++..     NoTele   +   m - +0 pair of boots
Stlth    ..........             (no amulet)
HPRegen  1.38/turn              C - ring of protection from magic
MPRegen  0.22/turn              q - +3 ring of strength

@: berserking, regenerating, very quick
A: distributed training, fangs 1, strong nose
a: Berserk, Trog's Hand, Brothers in Arms, Renounce Religion


You were in the Dungeon.
You worshipped Trog.
Trog was exalted by your worship.
You visited 1 branch You collected 1938 gold pieces.
You spent 610 gold pieces at shops.

Inventory:

Hand Weapons
 h - a +7 triple sword (weapon)
 r - a +6 vorpal falchion
 x - a +4 antimagic long sword
 y - a +3 vampiric great sword
Missiles
 o - 6 boomerangs (quivered)
 s - 7 curare-tipped darts
 B - 4 throwing nets
Armour
 m - a +0 pair of boots (worn)
 n - a +0 helmet (worn)
 p - a +1 cloak (worn)
 t - a +1 pair of gloves of archery (worn)
 z - a +3 plate armour (worn)
Jewellery
 q - a +3 ring of strength (right hand)
 C - a ring of protection from magic (left hand)
Wands
 k - a wand of iceblast (13)
Scrolls
 j - 4 scrolls of remove curse
 u - 6 scrolls of fog
 v - 2 scrolls of enchant armour
 w - 4 scrolls of fear
Potions
 c - 4 potions of curing
 d - 7 potions of heal wounds
 e - 3 potions of haste
 f - 4 potions of magic
 g - a potion of berserk rage
 i - 3 potions of stabbing
Miscellaneous
 A - a phial of floods


   Skills:
 + Level 14.4 Fighting
 + Level 13.2 Short Blades
 + Level 14.4 Long Blades
 + Level 13.2 Axes
 + Level 13.2 Maces & Flails
 + Level 13.2 Polearms
 + Level 13.2 Staves
 + Level 13.2 Slings
 + Level 13.2 Bows
 + Level 13.2 Crossbows
 + Level 13.2 Throwing
 + Level 13.9 Armour
 + Level 13.9 Dodging
 + Level 13.2 Stealth
 + Level 13.2 Shields
 + Level 13.2 Unarmed Combat
 + Level 13.2 Spellcasting
 + Level 11.4 Conjurations
 + Level 11.4 Hexes
 + Level 11.4 Summonings
 + Level 11.4 Necromancy
 + Level 11.4 Translocations
 + Level 11.4 Transmutations
 + Level 11.4 Fire Magic
 + Level 11.4 Ice Magic
 + Level 11.4 Air Magic
 + Level 11.4 Earth Magic
 + Level 11.4 Poison Magic
 + Level 14.3 Invocations
 + Level 13.2 Evocations


You had 38 spell levels left.
You didn't know any spells.
Your spell library was empty.

Dungeon Overview and Level Annotations

Branches:
Dungeon (1/1)

Altars:
Cheibriados
Dithmenos
Elyvilon
Fedhas
Gozag
Hepliaklqana
Kikubaaqudgha
Makhleb
Nemelex Xobeh
Okawaru
Qazlal
Ru
Sif Muna
Trog
Uskayaw
Vehumet
Wu Jian
Xom
Yredelemnul
Zin
The Shining One
Beogh
Jiyva
Lugonu

Shops:
D (}[}


Innate Abilities, Weirdness & Mutations

Your experience applies equally to all skills.
You have very sharp teeth.
Your uncanny sense of smell can sniff out nearby items.


Message History

You barely miss the stone giant.
The stone giant is heavily wounded.
The stone giant barely misses you.
You riposte.
You slice the stone giant!!
The stone giant is almost dead.
The spriggan air mage waves its arms in wide circles.
The air twists around and strikes you!
* * * LOW HITPOINT WARNING * * *
The stone giant hits you!!
* * * LOW HITPOINT WARNING * * *
Your skin crawls.
You feel resistant to hostile enchantments.
The stone giant closely misses you.
You riposte.
You hit the stone giant but do no damage.
The stone giant is almost dead.
Unknown command.
A red film seems to cover your vision as you go berserk!
You feel yourself moving faster!
You feel mighty!
The spriggan air mage waves its arms in wide circles.
The air twists around and strikes you!!
You die...

..[[[[[[[[.)))))))).===='........
▓▓▓▓▓▓▓▓▓▓▓▓▓▓▓▓▓▓▓▓▓▓▓▓▓▓▓▓▓▓▓▓▓
.)...)...........................
▓▓▓▓▓▓▓▓▓♣♣♣♣♣♣♣♣♣♣▓▓▓▓▓▓▓▓▓▓▓▓▓▓
.......))..)......)).......).....
▓▓▓▓▓▓▓▓▓♣♣♣♣♣♣♣♣♣♣▓▓▓▓▓▓▓▓▓▓▓▓▓▓
.................................
▓▓▓▓▓▓▓▓▓▓▓▓▓▓▓▓▓▓▓▓▓▓▓▓▓▓▓▓▓▓▓▓▓
CiDOcCC@.....(..........
▓▓▓▓▓▓▓▓▓▓▓▓▓▓▓▓▓▓▓▓▓▓▓▓ ∆∆∆
∆∆∆∆∆∆ ∆∆∆∆∆


You could see a frost giant, a fire dragon, 2 stone giants, an ogre mage, a
spriggan air mage (repels missiles) and a yaktaur.

Vanquished Creatures
  A very ugly thing (D)
  An ettin (D)
  Josephine (D)
  A fire dragon (D)
  Harold (D)
  A naga warrior (D)
  2 rakshasas (D)
  A boulder beetle (D)
  A hydra (D)
  A ghost crab (D)
  A centaur warrior (D)
  A two-headed ogre (D)
  A deep troll shaman (D)
  An ogre mage (D)
  A shock serpent (D)
  An orc high priest (D)
  A sea snake (D)
  2 unseen horrors (D)
  6 orc knights (D)
  2 deep elf magi (D)
  An oklob plant (D)
  A salamander (D)
  2 black mambas (D)
  2 merfolk sirens (D)
  A naga mage (D)
  3 cane toads (D)
  2 komodo dragons (D)
  A jumping spider (D)
  4 merfolk (D)
  2 trolls (D)
  A hornet (D)
  4 tyrant leeches (D)
  3 blink frogs (D)
  3 bog bodies (D)
  A snapping turtle (D)
  A spriggan (D)
  A tarantella (D)
  5 wraiths (D)
  A basilisk (D)
  Eustachio (D)
  A yak (D)
  2 vampire mosquitoes (D)
  A steam dragon (D)
  4 water moccasins (D)
  8 orc warriors (D)
  2 sky beasts (D)
  An ogre (D)
  A centaur (D)
  5 bullfrogs (D)
  4 orc priests (D)
  A hound (D)
  A jelly (D)
  3 orc wizards (D)
  An adder (D)
  4 orcs (D)
  A bat skeleton (D)
  A giant cockroach (D)
  A goblin (D)
  A jackal (D)
  A bat (D)
  2 kobolds (D)
114 creatures vanquished.

Vanquished Creatures (collateral kills)
  Rupert (D)
  A boulder beetle (D)
  A catoblepas (D)
  2 orc knights (D)
  2 orb spiders (D)
  A wolf spider (D)
  A mana viper (D)
  A black mamba (D)
  A naga mage (D)
  2 demonic crawlers (D)
  A tyrant leech (D)
  A tarantella (D)
  A yak (D)
  9 orc warriors (D)
  A bullfrog (D)
  3 orcs (D)
  A bat skeleton (D)
30 creatures vanquished.

Vanquished Creatures (others)
  Psyche (D)
  A naga mage (D)
  A hornet (D)
3 creatures vanquished.

Grand Total: 147 creatures vanquished

Notes
Turn   | Place    | Note
-------+----------+-------------------------------------------
     0 | D        | tsouns the Gnoll Berserker began the quest for the Orb.
     0 | D        | Reached XP level 1. HP: 23/23 MP: 1/1
    18 | D        | Reached ** piety under Trog
    19 | D        | Reached skill level 1 in Invocations
    87 | D        | Noticed a jelly
    87 | D        | Noticed an ogre
    87 | D        | Noticed a hound
    90 | D        | Killed a hound
    90 | D        | Reached skill level 5 in Armour
    90 | D        | Reached skill level 5 in Dodging
    90 | D        | Reached skill level 1 in Conjurations
    90 | D        | Reached skill level 1 in Hexes
    90 | D        | Reached skill level 1 in Summonings
    90 | D        | Reached skill level 1 in Necromancy
    90 | D        | Reached skill level 1 in Translocations
    90 | D        | Reached skill level 1 in Transmutations
    90 | D        | Reached skill level 1 in Fire Magic
    90 | D        | Reached skill level 1 in Ice Magic
    90 | D        | Reached skill level 1 in Air Magic
    90 | D        | Reached skill level 1 in Earth Magic
    90 | D        | Reached skill level 1 in Poison Magic
    90 | D        | Reached XP level 2. HP: 29/29 MP: 3/5
    90 | D        | Reached XP level 3. HP: 35/35 MP: 3/6
    93 | D        | Killed an ogre
    93 | D        | Reached *** piety under Trog
    93 | D        | Reached XP level 4. HP: 43/43 MP: 3/8
    93 | D        | Reached XP level 5. HP: 48/48 MP: 3/9
   140 | D        | Found a roughly hewn altar of Beogh.
   140 | D        | Found a snail-covered altar of Cheibriados.
   140 | D        | Found a shadowy altar of Dithmenos.
   140 | D        | Found a white marble altar of Elyvilon.
   140 | D        | Found a blossoming altar of Fedhas.
   140 | D        | Found an opulent altar of Gozag.
   141 | D        | Found a hazy altar of Hepliaklqana.
   142 | D        | Found a viscous altar of Jiyva.
   143 | D        | Found an ancient bone altar of Kikubaaqudgha.
   144 | D        | Found a corrupted altar of Lugonu.
   145 | D        | Found a burning altar of Makhleb.
   146 | D        | Found a sparkling altar of Nemelex Xobeh.
   147 | D        | Found an iron altar of Okawaru.
   148 | D        | Found a stormy altar of Qazlal.
   149 | D        | Found a sacrificial altar of Ru.
   150 | D        | Found a shimmering blue altar of Sif Muna.
   151 | D        | Found a bloodstained altar of Trog.
   152 | D        | Found a hide-covered altar of Uskayaw.
   153 | D        | Found a radiant altar of Vehumet.
   154 | D        | Found an ornate altar of the Wu Jian Council.
   155 | D        | Found a shimmering altar of Xom.
   156 | D        | Found a basalt altar of Yredelemnul.
   157 | D        | Found a glowing silver altar of Zin.
   158 | D        | Found a glowing golden altar of the Shining One.
   209 | D        | Noticed a sky beast
   209 | D        | Noticed a sky beast
   209 | D        | Noticed a steam dragon
   209 | D        | Noticed a centaur
   213 | D        | Reached **** piety under Trog
   214 | D        | Reached XP level 6. HP: 56/56 MP: 10/12
   220 | D        | Killed a steam dragon
   220 | D        | Reached skill level 5 in Short Blades
   220 | D        | Reached skill level 5 in Axes
   220 | D        | Reached skill level 5 in Maces & Flails
   220 | D        | Reached skill level 5 in Polearms
   220 | D        | Reached skill level 5 in Staves
   220 | D        | Reached skill level 5 in Slings
   220 | D        | Reached skill level 5 in Bows
   220 | D        | Reached skill level 5 in Crossbows
   220 | D        | Reached skill level 5 in Throwing
   220 | D        | Reached skill level 5 in Stealth
   220 | D        | Reached skill level 5 in Shields
   220 | D        | Reached skill level 5 in Unarmed Combat
   220 | D        | Reached skill level 5 in Spellcasting
   220 | D        | Reached skill level 5 in Invocations
   220 | D        | Reached skill level 5 in Evocations
   220 | D        | Reached XP level 7. HP: 63/63 MP: 10/14
   224 | D        | Reached ***** piety under Trog
   271 | D        | Noticed a deep elf mage
   271 | D        | Noticed a boulder beetle
   284 | D        | Killed an unseen horror
   284 | D        | Reached skill level 5 in Conjurations
   284 | D        | Reached skill level 5 in Hexes
   284 | D        | Reached skill level 5 in Summonings
   284 | D        | Reached skill level 5 in Necromancy
   284 | D        | Reached skill level 5 in Translocations
   284 | D        | Reached skill level 5 in Transmutations
   284 | D        | Reached skill level 5 in Fire Magic
   284 | D        | Reached skill level 5 in Ice Magic
   284 | D        | Reached skill level 5 in Air Magic
   284 | D        | Reached skill level 5 in Earth Magic
   284 | D        | Reached skill level 5 in Poison Magic
   284 | D        | Reached XP level 8. HP: 71/71 MP: 15/17
   295 | D        | Killed a boulder beetle
   295 | D        | Reached XP level 9. HP: 58/78 MP: 16/19
   301 | D        | Killed a deep elf mage
   301 | D        | Reached skill level 10 in Fighting
   301 | D        | Reached skill level 10 in Long Blades
   301 | D        | Received a gift from Trog
   486 | D        | Noticed a cane toad
   486 | D        | Noticed a cane toad
   486 | D        | Noticed a cane toad
   489 | D        | Noticed a black mamba
   492 | D        | Killed a cane toad
   499 | D        | Killed a cane toad
   502 | D        | Killed a cane toad
   504 | D        | Reached XP level 10. HP: 86/86 MP: 20/22
   509 | D        | Killed a black mamba
   514 | D        | Received a gift from Trog
   609 | D        | Noticed a six-headed hydra
   609 | D        | Noticed a catoblepas
   633 | D        | Killed a catoblepas
   793 | D        | Reached skill level 10 in Armour
   793 | D        | Reached skill level 10 in Dodging
   816 | D        | Killed a 15-headed hydra
   817 | D        | Reached skill level 10 in Invocations
  1256 | D        | Noticed an oklob plant
  1261 | D        | Killed an oklob plant
  1275 | D        | Reached XP level 11. HP: 93/93 MP: 24/24
  1438 | D        | Noticed Psyche
  1446 | D        | Killed Psyche
  1628 | D        | Noticed an orc high priest
  1632 | D        | Killed an orc high priest
  1632 | D        | Reached skill level 10 in Short Blades
  1632 | D        | Reached skill level 10 in Axes
  1632 | D        | Reached skill level 10 in Maces & Flails
  1632 | D        | Reached skill level 10 in Polearms
  1632 | D        | Reached skill level 10 in Staves
  1632 | D        | Reached skill level 10 in Slings
  1632 | D        | Reached skill level 10 in Bows
  1632 | D        | Reached skill level 10 in Crossbows
  1632 | D        | Reached skill level 10 in Throwing
  1632 | D        | Reached skill level 10 in Stealth
  1632 | D        | Reached skill level 10 in Shields
  1632 | D        | Reached skill level 10 in Unarmed Combat
  1632 | D        | Reached skill level 10 in Spellcasting
  1632 | D        | Reached skill level 10 in Evocations
  1640 | D        | Received a gift from Trog
  1654 | D        | Reached ****** piety under Trog
  1661 | D        | Received a gift from Trog
  1768 | D        | Noticed an orc knight
  1780 | D        | Noticed an orc knight
  1788 | D        | Killed an orc knight
  1827 | D        | Killed an orc knight
  1834 | D        | Received a gift from Trog
  2117 | D        | Found Zih Duit's Gadget Boutique.
  2117 | D        | Noticed an orc knight
  2117 | D        | Noticed an orc knight
  2118 | D        | Noticed an orc knight
  2119 | D        | Noticed an orc knight
  2131 | D        | Killed an orc knight
  2137 | D        | Killed an orc knight
  2148 | D        | Killed an orc knight
  2149 | D        | Killed an orc knight
  2149 | D        | Received a gift from Trog
  2222 | D        | Found Lesey's Armour Shop.
  2226 | D        | Found Udistroamp's Gadget Boutique.
  2230 | D        | Found Midig's Weapon Shop.
  2407 | D        | Noticed an orc knight
  2422 | D        | Killed an orc knight
  2432 | D        | Bought 7 curare-tipped darts for 50 gold pieces
  2439 | D        | Bought a phial of floods for 560 gold pieces
  2468 | D        | Noticed Josephine
  2481 | D        | Killed Josephine
  2481 | D        | Received a gift from Trog
  2481 | D        | Reached XP level 12. HP: 80/103 MP: 25/27
  2601 | D        | Noticed Harold
  2613 | D        | Killed Harold
  2769 | D        | Noticed a two-headed ogre
  2770 | D        | Noticed an ogre mage
  2771 | D        | Noticed a red very ugly thing
  2772 | D        | Noticed a centaur warrior
  2777 | D        | Noticed a rakshasa
  2779 | D        | Noticed a deep troll shaman
  2786 | D        | Killed a red very ugly thing
  2792 | D        | Received a gift from Trog
  2792 | D        | Reached skill level 10 in Conjurations
  2792 | D        | Reached skill level 10 in Hexes
  2792 | D        | Reached skill level 10 in Summonings
  2792 | D        | Reached skill level 10 in Necromancy
  2792 | D        | Reached skill level 10 in Translocations
  2792 | D        | Reached skill level 10 in Transmutations
  2792 | D        | Reached skill level 10 in Fire Magic
  2792 | D        | Reached skill level 10 in Ice Magic
  2792 | D        | Reached skill level 10 in Air Magic
  2792 | D        | Reached skill level 10 in Earth Magic
  2792 | D        | Reached skill level 10 in Poison Magic
  2794 | D        | Noticed an ettin
  2796 | D        | Noticed a rakshasa
  2797 | D        | Killed a two-headed ogre
  2802 | D        | Killed an ogre mage
  2805 | D        | Killed a centaur warrior
  2817 | D        | Killed a rakshasa
  2824 | D        | Killed a deep troll shaman
  2824 | D        | Received a gift from Trog
  2828 | D        | Killed an ettin
  2843 | D        | Killed a rakshasa
  3062 | D        | Noticed Rupert
  3071 | D        | Killed Rupert
  3071 | D        | Reached XP level 13. HP: 112/112 MP: 29/29
  3124 | D        | Received a gift from Trog
  3552 | D        | Received a gift from Trog
  3879 | D        | Received a gift from Trog
  4038 | D        | HP: 2/113 [naga warrior/+0 trident (4)]
  4525 | D        | Received a gift from Trog
  4569 | D        | Received a gift from Trog
  4636 | D        | Received a gift from Trog
  4752 | D        | Noticed Eustachio
  4756 | D        | Killed Eustachio
  4824 | D        | Noticed a fire dragon
  4824 | D        | Noticed a frost giant
  4824 | D        | Noticed a stone giant
  4824 | D        | Noticed a fire dragon
  4833 | D        | Killed a fire dragon
  4834 | D        | Noticed a stone giant
  4840 | D        | Killed from afar by a spriggan air mage

Illustrated notes

Levels and vault maps discovered:
D:        linesprint [early_d, line_temple, items_1, d_10, items_2, lair_1,
          lair_end, items_3, orc_1, orc_end, items_4, d_15, swamp_1, shoals_1,
          snake_1, spider_1, d_20, vaults_1, items_5, swamp_end, shoals_end,
          snake_end, spider_end, vaults_end, d_27, items_6, zot_1, zot_end,
          crypt_end, forest_end, elf_end, slime_end, tomb_end, abyss_end,
          pan_hell_end]

Skill      XL: |  1  2  3  4  5  6  7  8  9 10 11 12 13 |
---------------+----------------------------------------+-----
Invocations    | 2 3 4 5 7 9 10 11 13 14 | 14.3
Short Blades   | 2 3 4 5 6 7 8 9 11 12 13 | 13.2
Axes           | 2 3 4 5 6 7 8 9 11 12 13 | 13.2
Maces & Flails | 2 3 4 5 6 7 8 9 11 12 13 | 13.2
Polearms       | 2 3 4 5 6 7 8 9 11 12 13 | 13.2
Staves         | 2 3 4 5 6 7 8 9 11 12 13 | 13.2
Slings         | 2 3 4 5 6 7 8 9 11 12 13 | 13.2
Bows           | 2 3 4 5 6 7 8 9 11 12 13 | 13.2
Crossbows      | 2 3 4 5 6 7 8 9 11 12 13 | 13.2
Throwing       | 2 3 4 5 6 7 8 9 11 12 13 | 13.2
Armour         | 5 6 8 9 10 11 13 | 13.9
Dodging        | 5 6 8 9 10 11 13 | 13.9
Stealth        | 2 3 4 5 6 7 8 9 11 12 13 | 13.2
Shields        | 2 3 4 5 6 7 8 9 11 12 13 | 13.2
Unarmed Combat | 2 3 4 5 6 7 8 9 11 12 13 | 13.2
Spellcasting   | 2 3 4 5 6 7 8 9 11 12 13 | 13.2
Conjurations   | 1 2 3 4 5 6 8 9 10 11 | 11.4
Hexes          | 1 2 3 4 5 6 8 9 10 11 | 11.4
Summonings     | 1 2 3 4 5 6 8 9 10 11 | 11.4
Necromancy     | 1 2 3 4 5 6 8 9 10 11 | 11.4
Translocations | 1 2 3 4 5 6 8 9 10 11 | 11.4
Transmutations | 1 2 3 4 5 6 8 9 10 11 | 11.4
Fire Magic     | 1 2 3 4 5 6 8 9 10 11 | 11.4
Ice Magic      | 1 2 3 4 5 6 8 9 10 11 | 11.4
Air Magic      | 1 2 3 4 5 6 8 9 10 11 | 11.4
Earth Magic    | 1 2 3 4 5 6 8 9 10 11 | 11.4
Poison Magic   | 1 2 3 4 5 6 8 9 10 11 | 11.4
Evocations     | 2 3 4 5 6 7 8 9 11 12 13 | 13.2
Fighting       | 7 8 9 10 11 12 13 14 | 14.4
Long Blades    | 7 8 9 10 11 12 13 14 | 14.4

Action                   |  1- 3 |  4- 6 |  7- 9 | 10-12 | 13-15 || total
-------------------------+-------+-------+-------+-------+-------++-------
Melee: Falchion          |    20 |     5 |    17 |    96 |       ||   138
       Bite              |     4 |     1 |    12 |    56 |    30 ||   103
       Scimitar          |       |     9 |    41 |       |       ||    50
       Punch             |       |     1 |     4 |    13 |       ||    18
       Quick blade       |       |       |       |    61 |       ||    61
       Great sword       |       |       |       |   165 |   144 ||   309
       Triple sword      |       |       |       |       |    13 ||    13
Invok: Berserk           |     1 |     1 |     2 |     7 |     1 ||    12
       Brothers in Arms  |       |       |     1 |     9 |     4 ||    14
       Trog's Hand       |       |       |       |       |     2 ||     2
Evoke: Wand              |       |       |       |     5 |     1 ||     6
       Phial of floods   |       |       |       |       |     1 ||     1
  Use: Potion            |       |       |       |     1 |     6 ||     7
       Scroll            |       |       |       |     1 |     3 ||     4
 Stab: Invisible         |       |       |       |     4 |       ||     4
Armor: Animal skin       |     3 |     1 |       |       |       ||     4
       Plate armour      |       |     4 |    40 |   135 |   112 ||   291
Dodge: Dodged            |    13 |     7 |    10 |   141 |   147 ||   318
       Rpst.: Falchion   |     3 |     1 |       |    10 |       ||    14
       Scimitar          |       |     2 |     1 |       |       ||     3
       Great sword       |       |       |       |    18 |    23 ||    41
       Triple sword      |       |       |       |       |     4 ||     4

Table legend: (Time is in decaauts)
 A = Elapsed time spent in this place.
 B = Non-inter-level travel time spent in this place.
 C = Inter-level travel time spent in this place.
 D = Time resting spent in this place.
 E = Time spent auto-exploring this place.
 F = Levels seen in this place.
 G = Mean time per level.
                   A        B        C        D        E       F      G
               +--------+--------+--------+--------+--------+-----+--------+
         Total |   4868 |   4862 |      6 |   1816 |   1629 |   1 | 4868.0 |
       Dungeon |   4868 |   4862 |      6 |   1816 |   1629 |   1 | 4868.0 |
               +--------+--------+--------+--------+--------+-----+--------+

Top non-repeatable levels by time:
       D: 4868 daAuts
